 Dungeon Crawl Stone Soup version 0.30-a0-347-gf58ed5266c (webtiles) character file.

Game seed: 18356108821956927308

16651 koil the Nimble (level 12, -1/63 HPs)
             Began as a Spriggan Enchanter on Nov 7, 2022.
             Was an Initiate of Gozag.
             Slain by a culicivora (18 damage)
             ... on level 2 of the Lair of Beasts.
             The game lasted 01:20:37 (17095 turns).

koil the Nimble (Spriggan Enchanter)               Turns: 17095, Time: 01:20:37

Health: -1/63      AC:  6    Str: 13    XL:     12   Next: 11%
Magic:  31/37      EV: 24    Int: 34    God:    Gozag
Gold:   614        SH:  0    Dex: 15    Spells: 17/33 levels left

rFire   + + .      SeeInvis +      - Blade Hands
rCold   + . .      Faith    .    (shield currently unavailable)
rNeg    . . .      Spirit   .    r - +2 robe {rC+ rF+}
rPois   .          Reflect  .    s - +1 hat {Will+}
rElec   +          Harm     .    Q - +1 cloak of Qaoniad {Will+ Str+4 Int+6}
rCorr   .          Rampage  .    (gloves unavailable)
Will    ++++.                    (boots unavailable)
Stlth   ++++......               t - amulet of the acrobat
HPRegen 0.30/turn                o - ring of the Majestic God {Drain rF+ Str+3 Int+6}
MPRegen 0.25/turn                H - ring "Eroruamn" {+Blink rElec MP+9 Str+2}

@: confusing by touch, blade hands, very quick
A: very small, no large weapons, unfitting armour, see invisible, speed 3,
deformed body, inability to read after injury 1, MP-powered wands
a: End Transformation, Renounce Religion, Evoke Blink, Potion Petition, Call
Merchant, Bribe Branch


You were on level 2 of the Lair of Beasts.
You worshipped Gozag.
Gozag was pleased with you.
You had blades for hands.
You visited 3 branches of the dungeon, and saw 14 of its levels.
You also visited: Sewer and Ossuary.

You collected 2310 gold pieces.
You spent 377 gold pieces at shops.
You paid 1319 gold pieces to Gozag.

Inventory:

Hand Weapons
 a - a +2 dagger of protection (melded)
 N - a +1 dagger of speed
 Y - a +1 dagger of venom
Missiles
 g - a throwing net
 p - 45 poisoned darts
 u - 7 curare-tipped darts
Armour
 r - a +2 robe of resistance (worn)
 s - a +1 hat of willpower (worn)
 Q - the +1 cloak of Qaoniad (worn) {Will+ Str+4 Int+6}
   (You acquired it on level 10 of the Dungeon)

   Str:       It affects your strength (+4).
   Int:       It affects your intelligence (+6).
   Will:      It increases your willpower.
Jewellery
 o - the ring of the Majestic God (left blade hand) {Drain rF+ Str+3 Int+6}
   (You acquired it in a sewer)

   [ring of intelligence]

   Str:       It affects your strength (+3).
   Int:       It affects your intelligence (+6).
   rF:        It protects you from fire.
   Drain:     It drains your maximum health when unequipped.
 t - an amulet of the acrobat (around neck)
 y - a +4 ring of protection
 A - a ring of protection from fire
 H - the ring "Eroruamn" (right blade hand) {+Blink rElec MP+9 Str+2}
   (You took it off an orc wizard on level 8 of the Dungeon)

   [ring of magical power]

   Str:       It affects your strength (+2).
   rElec:     It insulates you from electricity.
   MP:        It affects your magic capacity (+9).
   +Blink:    It lets you blink.
 R - a +6 ring of intelligence
 S - a ring of ice
Wands
 F - a wand of charming (7)
Scrolls
 b - 4 scrolls of butterflies
 i - 5 scrolls of poison
 j - 4 scrolls of magic mapping
 l - 6 scrolls of vulnerability
 n - 3 scrolls of blinking
 q - 2 scrolls of fear
 B - a scroll of summoning
 K - 2 scrolls of immolation
 L - 4 scrolls of identify
 P - 2 scrolls of teleportation
Potions
 c - 5 potions of invisibility
 d - 3 potions of ambrosia
 f - 3 potions of flight
 h - 8 potions of curing
 m - 2 potions of magic
 v - 2 potions of experience
 x - 4 potions of haste
 C - 4 potions of might
 E - 3 potions of heal wounds
 I - a potion of resistance


   Skills:
 + Level 7.5 Fighting
 - Level 10.0 Short Blades
 + Level 12.1 Dodging
 - Level 8.2 Stealth
 + Level 11.0 Spellcasting
 - Level 2.0 Conjurations
 - Level 6.0 Hexes
 - Level 3.0 Translocations
 - Level 7.0 Transmutations
 + Level 0.1 Fire Magic


You had 17 spell levels left.
You knew the following spells:

 Your Spells              Type           Power      Damage    Failure   Level
a - Ensorcelled Hibernat  Hex/Ice        78%        N/A       16%         2
b - Confusing Touch       Hex            56%        N/A       13%         3
c - Dazzling Flash        Conj/Hex       90%        N/A       17%         3
d - Blade Hands           Tmut           30%        N/A       28%         5
e - Vampiric Draining     Necr           18%        2d7       38%         3

Your spell library contained the following spells:

 Spells                   Type           Power      Damage    Failure   Level
 Tukima's Dance           Hex            56%        N/A       13%         3
 Foxfire                  Conj/Fire      100%       2x1d9     19%         1
 Necrotise                Necr           72%        1d7       22%         1
 Iskenderun's Mystic Bla  Conj/Tloc      35%        2d8       43%         4
 Irradiate                Conj/Tmut      24%        3d19      47%         5
 Fireball                 Conj/Fire      12%        3d7       82%         5
 Agony                    Necr           18%        N/A       89%         5
 Borgnjor's Vile Clutch   Necr/Erth      9%         N/A       89%         5
 Dragon Form              Tmut           30%        N/A       97%         7
 Starburst                Conj/Fire      12%        6d5       99%         6
 Death Channel            Necr           9%         N/A       100%        6
 Animate Dead             Necr           Unusable   N/A       N/A         4

Dungeon Overview and Level Annotations

Branches:
Dungeon (11/15)            Temple (1/1) D:4            Lair (2/5) D:8
 Spider (0/4) Lair:2          Orc (0/2) D:11          Sewer (visited)
Ossuary (visited)
  Swamp: Lair:2-3    Shoals: Lair:2-3

Altars:
Ashenzari
Cheibriados
Dithmenos
Elyvilon
Fedhas
Gozag
Hepliaklqana
Kikubaaqudgha
Makhleb
Nemelex Xobeh
Okawaru
Qazlal
Ru
Sif Muna
Trog
Uskayaw
Vehumet
Wu Jian
Xom
Yredelemnul
Zin
The Shining One

Shops:
D:7 !   Temple (*

Annotations:
D:11 1 runed translucent door


Innate Abilities, Weirdness & Mutations

You have blades for hands.
Your spellcasting is less reliable in this form.
You are incapable of wielding weapons or throwing items.
You are very small and have problems with some larger weapons.
You are too small for most types of armour.
You have supernaturally acute eyesight. (SInv)
You cover ground extremely quickly. (Speed+++)
Armour fits poorly on your strangely shaped body.
You occasionally lose the ability to read scrolls when taking damage.
You expend magic power (3 MP) to strengthen your wands.


Message History

The culicivora closely misses you.
You barely miss the culicivora. The culicivora bites you!
The culicivora draws strength from your injuries!
The culicivora completely misses you. The culicivora misses you.
The culicivora closely misses you.
You slash the culicivora!
The culicivora is moderately wounded.
The culicivora misses you. The culicivora completely misses you.
You hit the culicivora.
The culicivora is moderately wounded.
The culicivora barely misses you. x2; The culicivora misses you.
The culicivora is healed somewhat.
You closely miss the culicivora.
The culicivora is lightly wounded.
The culicivora barely misses you. The culicivora misses you.
You barely miss the culicivora.
The culicivora is lightly wounded.
The culicivora misses you.
The culicivora's wounds heal themselves!
The culicivora bites you.
The culicivora draws strength from your injuries!
The culicivora completely misses you.
You barely miss the culicivora. The culicivora closely misses you.
The culicivora misses you.
You slash the culicivora!
The culicivora is heavily wounded.
The culicivora bites you!
The culicivora draws strength from your injuries!
The culicivora misses you. x3
You hit the culicivora.
The culicivora is heavily wounded.
The culicivora bites you!!
* * * LOW HITPOINT WARNING * * *
The culicivora draws strength from your injuries!
The culicivora completely misses you.
Casting: Blade Hands (quite dangerous; 28% risk of failure)
Confirm with . or Enter, or press ? or * to list all spells.
Your blade hands begin to glow red.
The culicivora bites you!!
You die...
Your body crumbles into a pile of gold.

$ .#. # P# .#.. ##.
## # ... ..... ##..
.#.###... ......
.#...† ..#......
...... #>.^..#
....... ......
#...†s#.......
...... #s@#.##
..... ###...## .#..
#.....##.######.#..
#.....##.##....##..
#†...†#...#....#...
##...###.#.........
##†###.........#..
##.....+.....#...
###.....#.#..#...


You could see 2 culicivoras.

Vanquished Creatures
  Gastronok (D:8)
  Josephine (D:11)
  A boulder beetle (D:11)
  2 two-headed ogres
  Amaemon (D:10)
  Pikel (D:8)
  Maurice (D:10)
  Joseph (D:7)
  The ghost of Iich the Cleaver, a novice MiBe of Trog (D:5)
  2 cane toads (Lair:1)
  An orange demon (D:10)
  A komodo dragon (Lair:1)
  A kobold demonologist (D:11)
  2 trolls
  A hornet (D:7)
  Prince Ribbit (D:5)
  Grinder (D:5)
  4 blink frogs (Lair:1)
  Sigmund (D:3)
  5 wraiths
  10 yaks
  5 wyverns
  A steam dragon (D:7)
  3 water moccasins
  An acid dragon (D:11)
  Duvessa (D:7)
  2 sky beasts
  2 orc warriors
  2 ice beasts
  2 ogres
  A wolf (D:7)
  A centaur (D:9)
  7 kobold brigands
  7 bullfrogs
  6 scorpions
  A gnoll sergeant (D:10)
  Dowan (D:7)
  7 killer bees (D:9)
  4 howler monkeys (D:7)
  2 electric eels (D:8)
  4 centaur zombies (Ossuary)
  10 hounds
  11 orc priests
  3 human zombies (Ossuary)
  6 jellies
  3 scorpion zombies (Ossuary)
  10 orc wizards
  3 mummies (Ossuary)
  6 gnolls
  11 adders
  A river rat (Sewer)
  2 shadow imps
  2 white imps
  An ufetubus (D:5)
  4 worms
  4 dart slugs
  24 orcs
  7 endoplasms
  4 giant cockroaches
  3 gnoll zombies (Ossuary)
  4 goblins
  2 hobgoblins
  5 jackals
  A quokka (D:1)
  6 ball pythons
  4 bats
  8 frilled lizards
  2 goblin zombies (Ossuary)
  2 hobgoblin zombies (Ossuary)
  26 kobolds
  2 kobold zombies (Ossuary)
  7 rats
284 creatures vanquished.

Vanquished Creatures (others)
  An orc priest (D:7)
  An orc wizard (D:7)
  3 fungi (D:5)
  A plant (D:5)
6 creatures vanquished.

Grand Total: 290 creatures vanquished

Notes
Turn   | Place    | Note
-------+----------+-------------------------------------------
     0 | D:1      | koil the Spriggan Enchanter began the quest for the Orb.
     0 | D:1      | Reached XP level 1. HP: 9/9 MP: 5/5
   199 | D:1      | Reached XP level 2. HP: 13/13 MP: 6/6
   202 | D:1      | Learned a level 2 spell: Ensorcelled Hibernation
   276 | D:1      | Reached skill level 3 in Dodging
   806 | D:2      | Reached XP level 3. HP: 17/17 MP: 8/8
  1046 | D:2      | Reached skill level 5 in Stealth
  1119 | D:2      | Reached skill level 1 in Fighting
  1119 | D:2      | Reached XP level 4. HP: 20/22 MP: 9/9
  1140 | D:2      | Reached skill level 1 in Translocations
  1375 | D:3      | Learned a level 3 spell: Confusing Touch
  1379 | D:3      | Learned a level 3 spell: Dazzling Flash
  1532 | D:3      | Found a glowing drain.
  1560 | Sewer    | Entered a sewer
  1767 | Sewer    | Noticed a kobold brigand
  1768 | Sewer    | Noticed a kobold brigand
  1795 | Sewer    | Killed a kobold brigand
  1796 | Sewer    | Reached XP level 5. HP: 25/25 MP: 2/11
  1804 | Sewer    | Reached skill level 4 in Dodging
  1804 | Sewer    | Reached skill level 1 in Conjurations
  1804 | Sewer    | Reached XP level 6. HP: 30/30 MP: 1/12
  2100 | Sewer    | Identified a scroll of acquirement
  2100 | Sewer    | Acquired the ring of the Majestic God {Drain rF+ Str+3
                  | Int+6}
  2275 | D:3      | Noticed Sigmund
  2290 | D:3      | Killed Sigmund
  2291 | D:3      | Reached XP level 7. HP: 35/35 MP: 11/14
  2625 | D:3      | Reached skill level 5 in Dodging
  2767 | D:4      | Reached skill level 5 in Hexes
  3274 | D:4      | Found a staircase to the Ecumenical Temple.
  3285 | Temple   | Entered the Ecumenical Temple
  3504 | Temple   | Became a worshipper of Gozag Ym Sagoz the Greedy
  3711 | D:5      | Entered Level 5 of the Dungeon
  3715 | D:5      | Noticed Prince Ribbit
  3734 | D:5      | Killed Prince Ribbit
  3786 | D:5      | Reached XP level 8. HP: 39/39 MP: 13/16
  3850 | D:5      | Found a runed translucent gate.
  3850 | D:5      | Found a runed translucent gate.
  3850 | D:5      | Found a runed translucent gate.
  3854 | D:5      | Noticed Iich's ghost (novice MiBe)
  4258 | D:5      | Reached skill level 5 in Spellcasting
  4953 | D:5      | Noticed Grinder
  4994 | D:5      | Killed Grinder
  4995 | D:5      | Reached skill level 6 in Dodging
  5384 | D:5      | Killed Iich's ghost
  5385 | D:5      | Reached skill level 5 in Short Blades
  6602 | D:6      | Reached XP level 9. HP: 44/44 MP: 17/19
  6735 | D:6      | Found a sand-covered staircase.
  6744 | Ossuary  | Entered an ossuary
  6784 | Ossuary  | Reached skill level 7 in Dodging
  7979 | D:7      | Reached skill level 8 in Dodging
  8771 | D:7      | Found Ucza's Distillery.
  8838 | D:7      | Bought a potion of mutation for 104 gold pieces
  8838 | D:7      | Bought a potion of degeneration for 13 gold pieces
  8838 | D:7      | Bought a potion of resistance for 130 gold pieces
  8838 | D:7      | Bought 2 potions of heal wounds for 130 gold pieces
  8854 | D:7      | Noticed Duvessa
  8854 | D:7      | Noticed Dowan
  8854 | D:7      | Noticed Joseph
  8882 | D:7      | Killed Duvessa
  8931 | D:7      | Killed Joseph
  8932 | D:7      | Reached skill level 5 in Fighting
  8932 | D:7      | Reached XP level 10. HP: 32/51 MP: 17/22
  8948 | D:7      | HP: 1/51 [Dowan/shard of ice (18)]
  8953 | D:7      | Killed Dowan
  9463 | D:8      | Noticed Gastronok
 10289 | D:7      | Reached skill level 9 in Dodging
 10448 | D:8      | Noticed Pikel
 10487 | D:8      | Killed Pikel
 11225 | D:8      | Identified the ring "Eroruamn" {+Blink rElec MP+9 Str+2}
 11445 | D:8      | Found a staircase to the Lair.
 11654 | D:8      | Killed Gastronok
 11655 | D:8      | Reached skill level 10 in Dodging
 12456 | D:9      | Reached XP level 11. HP: 26/56 MP: 25/25
 12575 | D:9      | Found a broken altar of Ashenzari.
 12575 | D:9      | Found a shimmering blue altar of Sif Muna.
 12575 | D:9      | Found a shimmering altar of Xom.
 12578 | D:9      | Found a bloodstained altar of Trog.
 13064 | D:10     | Entered Level 10 of the Dungeon
 13387 | D:10     | Noticed a two-headed ogre
 13389 | D:10     | Killed a two-headed ogre
 13407 | D:10     | Noticed Maurice
 13414 | D:10     | Killed Maurice
 13666 | D:10     | Noticed Amaemon
 13761 | D:10     | Killed Amaemon
 13905 | D:10     | Acquired the +1 cloak of Qaoniad {Will+ Str+4 Int+6}
 13923 | D:10     | Learned a level 5 spell: Blade Hands
 13927 | D:10     | Learned a level 3 spell: Vampiric Draining
 13952 | D:11     | Reached skill level 10 in Spellcasting
 13982 | D:11     | Noticed a two-headed ogre
 14009 | D:11     | Killed a two-headed ogre
 14010 | D:11     | Reached skill level 11 in Dodging
 14010 | D:11     | Reached skill level 5 in Transmutations
 14220 | D:11     | Noticed a boulder beetle
 14240 | D:11     | Killed a boulder beetle
 14257 | D:11     | Noticed a centaur warrior
 14257 | D:11     | Noticed a centaur warrior
 14258 | D:11     | Noticed a boulder beetle
 14261 | D:11     | Noticed a deep elf pyromancer
 14262 | D:11     | Noticed a green ugly thing
 14266 | D:11     | Found a runed translucent door.
 14266 | D:11     | Noticed a tengu warrior
 14266 | D:11     | Noticed a fire dragon
 14266 | D:11     | Found the +9 staff of Wucad Mu {*channel}
 14349 | D:11     | Found a staircase to the Orcish Mines.
 14435 | D:11     | Noticed Josephine
 14693 | D:11     | Killed Josephine
 15331 | Temple   | Gained mutation: Your flesh is heat resistant. (rF+)
                  | [potion of mutation]
 15331 | Temple   | Gained mutation: Your spells are a little harder to cast,
                  | but a little more powerful. [potion of mutation]
 15331 | Temple   | Gained mutation: Your mind is acute. (Int +4, Str/Dex -1)
                  | [potion of mutation]
 15332 | Temple   | Lost mutation: Your spells are a little harder to cast, but
                  | a little more powerful. [potion of mutation]
 15332 | Temple   | Lost mutation: Your flesh is heat resistant. (rF+) [potion
                  | of mutation]
 15332 | Temple   | Lost mutation: Your mind is acute. (Int +4, Str/Dex -1)
                  | [potion of mutation]
 15332 | Temple   | Gained mutation: You do not regenerate when monsters are
                  | visible. [potion of mutation]
 15333 | Temple   | Lost mutation: You do not regenerate when monsters are
                  | visible. [potion of mutation]
 15333 | Temple   | Gained mutation: Your muscles are strong. (Str +4, Int/Dex
                  | -1) [potion of mutation]
 15333 | Temple   | Gained mutation: You are dopey. (Int -2) [potion of
                  | mutation]
 15333 | Temple   | Gained mutation: You have a pair of small horns on your
                  | head. [potion of mutation]
 15333 | Temple   | Gained mutation: Your spells are a little harder to cast,
                  | but a little more powerful. [potion of mutation]
 15334 | Temple   | Lost mutation: You have a pair of small horns on your head.
                  | [potion of mutation]
 15334 | Temple   | Lost mutation: You are dopey. (Int -2) [potion of mutation]
 15334 | Temple   | Gained mutation: You are partially covered in iridescent
                  | scales. (AC +2) [potion of mutation]
 15334 | Temple   | Gained mutation: You have a somewhat thin skeletal
                  | structure. (Dex +2, Stealth+) [potion of mutation]
 15335 | Temple   | Lost mutation: You have a somewhat thin skeletal structure.
                  | (Dex +2, Stealth+) [potion of mutation]
 15335 | Temple   | Lost mutation: You are partially covered in iridescent
                  | scales. (AC +2) [potion of mutation]
 15335 | Temple   | Gained mutation: Your flesh is heat resistant. (rF+)
                  | [potion of mutation]
 15336 | Temple   | Lost mutation: Your spells are a little harder to cast, but
                  | a little more powerful. [potion of mutation]
 15336 | Temple   | Lost mutation: Your muscles are strong. (Str +4, Int/Dex
                  | -1) [potion of mutation]
 15336 | Temple   | Lost mutation: Your flesh is heat resistant. (rF+) [potion
                  | of mutation]
 15336 | Temple   | Gained mutation: You expend magic power (3 MP) to
                  | strengthen your wands. [potion of mutation]
 15336 | Temple   | Gained mutation: You are dopey. (Int -2) [potion of
                  | mutation]
 15336 | Temple   | Gained mutation: You have a pair of small horns on your
                  | head. [potion of mutation]
 15337 | Temple   | Lost mutation: You are dopey. (Int -2) [potion of mutation]
 15337 | Temple   | Lost mutation: You expend magic power (3 MP) to strengthen
                  | your wands. [potion of mutation]
 15337 | Temple   | Gained mutation: You are weak. (Str -2) [potion of
                  | mutation]
 15338 | Temple   | Lost mutation: You are weak. (Str -2) [potion of mutation]
 15338 | Temple   | Lost mutation: You have a pair of small horns on your head.
                  | [potion of mutation]
 15338 | Temple   | Gained mutation: You occasionally lose the ability to read
                  | scrolls when taking damage. [potion of mutation]
 15338 | Temple   | Gained mutation: Armour fits poorly on your strangely
                  | shaped body. [potion of mutation]
 15338 | Temple   | Gained mutation: You expend magic power (3 MP) to
                  | strengthen your wands. [potion of mutation]
 15525 | Lair:1   | Entered Level 1 of the Lair of Beasts
 15750 | Lair:1   | Reached XP level 12. HP: 47/63 MP: 27/27
 15905 | Lair:1   | Reached skill level 12 in Dodging
 15913 | Lair:1   | Reached skill level 10 in Short Blades
 17084 | Lair:2   | Found a hole to the Spider Nest.
 17095 | Lair:2   | Slain by a culicivora

Illustrated notes

Levels and vault maps discovered:
D:1:      nzn_arrival_crosshair, layout_loops_ring
D:2:      layout_basic
D:3:      layout_loops_ring, cheibrodos_sewer_entry_sluice, uniq_sigmund
D:4:      layout_loops_ring, minmay_temple_entry_poolview, minmay_liquid_box
D:5:      layout_layer_cave, gammafunk_ghost_nasty_kobolds, uniq_grinder,
          uniq_prince_ribbit1
D:6:      layout_rooms, nicolae_ossuary_entry_monument,
          nicolae_elevator_lobby_plus
D:7:      layout_basic, nicolae_stop_n_shop_1, uniq_duvessa, uniq_joseph
D:8:      layout_basic, erik_lair_island, uniq_gastronok, uniq_pikel
D:9:      layout_gridville, grunt_temple_overflow_open,
          chequers_serial_rivers_micro_d
D:10:     layout_roguey, nicolae_titane, uniq_amaemon, uniq_maurice
D:11:     layout_cave_pools, orc_0_dummy, minmay_st_funbox, uniq_josephine
Temple:   mainiacjoe_temple_bowtie_tessellation
Lair:1:   layout_chaotic_city, grunt_megastairs_3
Lair:2:   layout_regular_city, elwin_shoals_entry_rocks,
          hellmonk_spider_entry_life_and_decay, chequers_serial_rivers_room_b,
          minivault_23

Skill      XL: |  1  2  3  4  5  6  7  8  9 10 11 12 |
---------------+-------------------------------------+-----
Dodging        | 3 4 5 6 8 10 11 12 | 12.1
Spellcasting   | 3 4 6 7 9 10 11 | 11.0
Stealth        | 5 6 8 |  8.2
Fighting       | 1 2 3 5 6 7 |  7.5
Translocations | 2 3 |  3.0
Short Blades   | 2 3 5 7 8 9 10 | 10.0
Hexes          | 4 5 6 |  6.0
Conjurations   | 1 2 |  2.0
Transmutations | 3 6 7 |  7.0
Fire Magic     | |  0.1

Action                   |  1- 3 |  4- 6 |  7- 9 | 10-12 || total
-------------------------+-------+-------+-------+-------++-------
Melee: Dagger            |   129 |    88 |   547 |   842 ||  1606
       Punch             |     1 |     1 |    10 |    20 ||    32
       Unarmed           |       |       |       |    17 ||    17
Throw: Dart              |       |       |    25 |     2 ||    27
 Cast: Ensorcelled Hiber |       |    21 |    14 |    14 ||    49
       Confusing Touch   |       |     2 |    41 |    80 ||   123
       Dazzling Flash    |       |       |     1 |     4 ||     5
       Blade Hands       |       |       |       |     3 ||     3
Invok: Call Merchant     |       |       |       |     2 ||     2
 Abil: Evoke Blink       |       |       |       |     2 ||     2
Evoke: Wand              |       |       |     6 |    11 ||    17
  Use: Scroll            |       |    16 |     7 |     3 ||    26
       Potion            |       |     2 |     1 |    12 ||    15
 Stab: Sleeping          |    11 |    14 |    24 |     9 ||    58
       Confused          |       |     2 |    34 |    74 ||   110
       Distracted        |       |       |     1 |       ||     1
       Invisible         |       |       |       |     9 ||     9
Armor: Robe              |    18 |    12 |    76 |   127 ||   233
Dodge: Dodged            |    83 |    52 |   349 |   690 ||  1174

Table legend: (Time is in decaauts)
 A = Elapsed time spent in this place.
 B = Non-inter-level travel time spent in this place.
 C = Inter-level travel time spent in this place.
 D = Time resting spent in this place.
 E = Time spent auto-exploring this place.
 F = Levels seen in this place.
 G = Mean time per level.
                   A        B        C        D        E       F      G
               +--------+--------+--------+--------+--------+-----+--------+
         Total |  12146 |  11564 |    582 |   1571 |   6612 |  16 |  759.1 |
       Dungeon |   9883 |   9323 |    560 |   1349 |   5420 |  11 |  898.5 |
        Temple |    224 |    206 |     18 |      0 |    131 |   1 |  224.0 |
          Lair |   1020 |   1017 |      3 |      0 |    841 |   2 |  510.0 |
         Sewer |    541 |    541 |      0 |    133 |    158 |   1 |  541.0 |
       Ossuary |    476 |    476 |      0 |     89 |     61 |   1 |  476.0 |
               +--------+--------+--------+--------+--------+-----+--------+

Top non-repeatable levels by time:
     D:7: 2114 daAuts
     D:5: 2006 daAuts
     D:8: 1064 daAuts
  Lair:1: 991 daAuts
    D:10: 903 daAuts
     D:9: 789 daAuts
    D:11: 636 daAuts
     D:3: 554 daAuts
   Sewer: 541 daAuts
     D:4: 491 daAuts
 Ossuary: 476 daAuts
     D:1: 463 daAuts
     D:2: 440 daAuts
     D:6: 419 daAuts
  Temple: 224 daAuts
